 Dungeon Crawl Stone Soup version 0.28-a0-206-gc2c9e32840 (webtiles) character file.

Game seed: 4866489683875996150

344 bande the Covered (level 6, -5/38 HPs)
             Began as a Gargoyle Fighter on Aug 21, 2021.
             Slain by a wyvern zombie (7 damage)
             ... on level 5 of the Dungeon.
             The game lasted 00:05:44 (3929 turns).

bande the Covered (Gargoyle Fighter)                Turns: 3929, Time: 00:05:44

Health: -5/38      AC:  0    Str: 20    XL:     6   Next: 58%
Magic:  6/6        EV:  8    Int:  9    God:
Gold:   175        SH: 13    Dex: 10    Spells: 5/5 levels left

rFire   . . .      SeeInvis .   a - +0 war axe
rCold   . . .      Faith    .   c - +0 kite shield
rNeg    + . .      Spirit   .   b - +0 scale mail
rPois   ∞          Reflect  +   (no helmet)
rElec   +          Harm     .   m - +0 cloak
rCorr   .          Rampage  .   (no gloves)
Will    .....                   (no boots)
Stlth   ..........              h - amulet of reflection
HPRegen 0.12/turn               (no ring)
MPRegen 0.10/turn               (no ring)

@: corroded
A: sickness immunity, AC +4, negative energy resistance 1, electricity
resistance, torment resistance 1, petrification resistance
a: no special abilities


You were on level 5 of the Dungeon.
You visited 1 branch of the dungeon, and saw 5 of its levels.

You collected 175 gold pieces.

Inventory:

Hand Weapons
 a - a +0 war axe (weapon)
 j - a +0 flail
Armour
 b - a +0 scale mail (worn)
 c - a +0 kite shield (worn)
 m - a +0 cloak (worn)
Jewellery
 h - an amulet of reflection (around neck)
Scrolls
 f - 2 scrolls of teleportation
 i - 2 scrolls of identify
 l - a scroll of immolation {unknown}
Potions
 d - 3 potions of might
 e - 2 potions of magic
 k - a potion of brilliance {unknown}


   Skills:
 + Level 4.2 Fighting
 + Level 4.0 Axes
 + Level 4.6 Armour
 + Level 1.1 Dodging
 + Level 4.4 Shields


You had 5 spell levels left.
You didn't know any spells.
Your spell library contained the following spells:

 Spells                   Type           Power      Damage    Failure   Level
 Animate Skeleton         Necr           0%         N/A       99%         1
 Foxfire                  Conj/Fire      0%         2x1d4     99%         1
 Pain                     Necr           0%         1d4       99%         1
 Conjure Flame            Conj/Fire      0%         6-21      100%        3
 Inner Flame              Hex/Fire       0%         N/A       100%        3
 Vampiric Draining        Necr           0%         2d6       100%        3


Dungeon Overview and Level Annotations

Branches:
Dungeon (5/15)             Temple (0/1) D:4

Altars:


Innate Abilities, Weirdness & Mutations

You are immune to sickness and miasma.
Your stone body is resilient. (AC +4)
You are immune to poison.
You resist negative energy. (rN+)
You are resistant to electric shocks. (rElec)
You are resistant to unholy torment.
You are immune to petrification.


Message History

A wyvern zombie comes into view.
The wyvern zombie bites you! You block the wyvern zombie's attack.
You barely miss the wyvern zombie. The wyvern zombie bites you!
The wyvern zombie bites you but does no damage.
You slash the wyvern zombie!
The wyvern zombie is moderately damaged.
The wyvern zombie bites you but does no damage.
The wyvern zombie closely misses you.
You hit the wyvern zombie but do no damage.
The wyvern zombie is moderately damaged.
You block the wyvern zombie's attack. You block the jelly's attack.
You hit the wyvern zombie.
The wyvern zombie is moderately damaged.
You hit the jelly.
Your hands burn!
You block the wyvern zombie's attack. x2
You block the jelly's attack.
You slash the wyvern zombie!
The wyvern zombie is severely damaged.
You hit the jelly. The acid corrodes you!
Your hands burn!
* * * LOW HITPOINT WARNING * * *
The wyvern zombie barely misses you. The jelly hits you but does no damage.
The wyvern zombie bites you!
* * * LOW HITPOINT WARNING * * *
The jelly jiggles.
You block the jelly's attack.
You feel much better.
The wyvern zombie bites you but does no damage.
You block the jelly's attack. You block the wyvern zombie's attack.
You hit the jelly. The acid corrodes you!
Your hands burn!
The jelly is heavily wounded.
You barely miss the wyvern zombie. You block the wyvern zombie's attack.
The jelly hits you.
You are splashed with acid!
* * * LOW HITPOINT WARNING * * *
You block the wyvern zombie's attack.
You hit the jelly. The acid corrodes you!
Your hands burn!
* * * LOW HITPOINT WARNING * * *
The jelly is almost dead.
You barely miss the wyvern zombie. The wyvern zombie bites you.
* * * LOW HITPOINT WARNING * * *
The jelly completely misses you. The wyvern zombie bites you!
You die...

#........#.....
#........#......
#........#....J.
######....##.#..#...
##...##....##.......
#......<...........
#........[.>...####
#..............J##
##...##.#####..@[#
######## #+Z8.#
....=# ......##
.......## ##...#..
#...#.. ......


You could see a jelly and a wyvern zombie.

Vanquished Creatures
  A phantom (D:4)
  A scorpion (D:4)
  A hound (D:3)
  4 gnolls (D:2)
  6 adders
  An adder skeleton (D:4)
  2 worms
  3 dart slugs
  3 orcs (D:3)
  4 ball pythons
  2 bats
  4 endoplasms
  5 giant cockroaches
  11 goblins
  6 hobgoblins
  3 jackals
  4 kobolds
  3 quokkas
  4 frilled lizards
  3 rats (D:1)
71 creatures vanquished.

Notes
Turn   | Place    | Note
-------+----------+-------------------------------------------
     0 | D:1      | bande the Gargoyle Fighter began the quest for the Orb.
     0 | D:1      | Reached XP level 1. HP: 14/14 MP: 1/1
    72 | D:1      | Reached XP level 2. HP: 17/19 MP: 2/2
   371 | D:1      | Reached XP level 3. HP: 18/24 MP: 3/3
  1386 | D:2      | Reached XP level 4. HP: 24/29 MP: 4/4
  1534 | D:2      | Found a faded altar of an unknown god.
  2025 | D:3      | You fall into a shaft and drop 1 floor!
  2034 | D:4      | Reached XP level 5. HP: 28/33 MP: 5/5
  2206 | D:3      | Reached skill level 1 in Dodging
  3342 | D:4      | Found a staircase to the Ecumenical Temple.
  3369 | D:4      | Reached XP level 6. HP: 24/38 MP: 6/6
  3895 | D:5      | Entered Level 5 of the Dungeon
  3926 | D:5      | HP: 1/38 [wyvern zombie (10)]
  3929 | D:5      | Slain by a wyvern zombie

Illustrated notes

Levels and vault maps discovered:
D:1:      mrwooster_arrival_arrow, layout_loops_ring, serial_bayou_pond_b
D:2:      layout_rooms, chequers_ecumenical_altar_grove
D:3:      layout_basic, amcnicky_mini_corridor_feature
D:4:      layout_basic, minmay_temple_entry_from_below_b, st_stairs_4,
          hex_medium
D:5:      layout_gridville, old_standard_altar, mrwooster_statue_mirror,
          uniq_crazy_yiuf_cottage

Skill      XL: |  1  2  3  4  5  6 |
---------------+-------------------+-----
Axes           | 2 3 4 |  4.0
Armour         | 4 |  4.6
Dodging        | 1 |  1.1
Fighting       | 4 |  4.2
Shields        | 4 |  4.4

Action                   |  1- 3 |  4- 6 || total
-------------------------+-------+-------++-------
Melee: War axe           |   101 |   138 ||   239
  Use: Potion            |     3 |     2 ||     5
       Scroll            |     1 |     2 ||     3
Armor: Scale mail        |    83 |    83 ||   166
Dodge: Dodged            |    62 |    49 ||   111
Block: Kite shield       |    56 |    93 ||   149

Table legend: (Time is in decaauts)
 A = Elapsed time spent in this place.
 B = Non-inter-level travel time spent in this place.
 C = Inter-level travel time spent in this place.
 D = Time resting spent in this place.
 E = Time spent auto-exploring this place.
 F = Levels seen in this place.
 G = Mean time per level.
                   A        B        C        D        E       F      G
               +--------+--------+--------+--------+--------+-----+--------+
         Total |   4075 |   4075 |      0 |    698 |   2494 |   5 |  815.0 |
       Dungeon |   4075 |   4075 |      0 |    698 |   2494 |   5 |  815.0 |
               +--------+--------+--------+--------+--------+-----+--------+

Top non-repeatable levels by time:
     D:3: 1252 daAuts
     D:1: 1125 daAuts
     D:2: 920 daAuts
     D:4: 742 daAuts
     D:5: 35 daAuts
